 Dungeon Crawl Stone Soup version 0.30-a0-4-ga7cffc901d (webtiles) character file.

Game seed: 14912649748024891055

697 todotom the Gusty (level 7, 0/76 HPs)
             Began as a Demigod Air Elementalist on Aug 20, 2022.
             Succumbed to Crazy Yiuf's poison
             ... on level 4 of the Dungeon.
             The game lasted 00:14:58 (5015 turns).

todotom the Gusty (Demigod Air Elementalist)        Turns: 5015, Time: 00:14:58

Health: 0/76       AC: 23    Str:  9    XL:     7   Next: 15%
Magic:  1/16       EV:  2    Int: 25    God:
Gold:   262        SH:  0    Dex: 14    Spells: 11/14 levels left

rFire   . . .      SeeInvis .    g - +3 whip (freeze)
rCold   . . .      Faith    .    (no shield)
rNeg    . . .      Spirit   +    (body armour currently unavailable)
rPois   +          Reflect  .    (helmet currently unavailable)
rElec   .          Harm     .    (cloak currently unavailable)
rCorr   .          Rampage  .    (gloves currently unavailable)
Will    .....      NoTele   +    (boots currently unavailable)
Stlth   ++........               d - amulet of guardian spirit
HPRegen 0.22/turn                (no ring)
MPRegen 0.15/turn                (no ring)

@: lethally poisoned (0 -> -9), tree-form, hasted, very quick
A: stationary, stasis, torment immunity, boosted hp, high MP 1, forlorn, divine
attributes
a: no special abilities


You were on level 4 of the Dungeon.
You were a tree.
You visited 2 branches of the dungeon, and saw 5 of its levels.

You collected 262 gold pieces.

Inventory:

Hand Weapons
 e - a +0 dagger
 g - a +3 whip of freezing (weapon)
 i - a +0 short sword
 p - a +1 short sword of electrocution
 y - a +1 dagger of pain
Armour
 j - a +0 cloak (melded)
 m - a +0 pair of boots (melded)
 z - a +2 robe of positive energy (melded)
Magical Staves
 A - a staff of cold
Jewellery
 c - an amulet of regeneration
 d - an amulet of guardian spirit (around neck)
Wands
 k - a wand of flame (11)
 s - a wand of digging (5)
 x - a wand of mindburst (5)
Scrolls
 a - a scroll of magic mapping
 q - a scroll of fear
 r - a scroll of enchant armour {unknown}
 t - a scroll of poison
 u - a scroll of noise
 v - a scroll of amnesia {unknown}
Potions
 f - 2 potions of degeneration {unknown}
 h - 2 potions of brilliance {unknown}
 l - 3 potions of heal wounds {unknown}
 o - a potion of curing {unknown}


   Skills:
 + Level 0.7 Fighting
 + Level 0.7 Short Blades
 + Level 2.7 Dodging
 + Level 2.1 Stealth
 + Level 4.2 Spellcasting
 + Level 1.9 Conjurations
 + Level 4.8 Air Magic
 + Level 2.3 Poison Magic
 + Level 0.6 Evocations


You had 11 spell levels left.
You knew the following spells:

 Your Spells              Type           Power      Damage    Failure   Level
a - Shock                 Conj/Air       88%        1d8       2%          1
b - Poisonous Vapours     Pois/Air       46%        N/A       3%          2

Your spell library contained the following spells:

 Spells                   Type           Power      Damage    Failure   Level
 Static Discharge         Conj/Air       22%        3-6/arc   3%          2
 Swiftness                Air            29%        N/A       3%          3
 Airstrike                Air            14%        2d(3-19)  12%         4
 Blink                    Tloc           10%        N/A       14%         2
 Lesser Beckoning         Tloc           5%         N/A       26%         3
 Corpse Rot               Necr/Pois/Air  17%        N/A       32%         4
 Manifold Assault         Tloc           5%         N/A       94%         5


Dungeon Overview and Level Annotations

Branches:
Dungeon (4/15)             Temple (1/1) D:4

Annotations:
D:4 2 runed translucent doors, Crazy Yiuf


Innate Abilities, Weirdness & Mutations

You are a tree.
Your roots penetrate the ground, keeping you stationary.
You cannot be teleported.
You are immune to unholy pain and torment.
Your maximum health is greatly increased.
Your equipment is partially melded.
You have an increased reservoir of magic. (+10% MP)
You shall have no god before yourself.
Your divine heritage dramatically boosts your attributes as you level up.


Message History

Crazy Yiuf attacks as you move away!
Crazy Yiuf hits you with a +4 quarterstaff of chaos.
Crazy Yiuf freezes you.
Crazy Yiuf glowers.
Crazy Yiuf attacks as you move away!
Crazy Yiuf hits you with a +4 quarterstaff of chaos!
You are electrocuted!
* * * LOW HITPOINT WARNING * * *
Crazy Yiuf attacks as you move away!
Crazy Yiuf hits you with a +4 quarterstaff of chaos!
* * * LOW HITPOINT WARNING * * *
Crazy Yiuf draws strength from your wounds!
Crazy Yiuf attacks as you move away!
Crazy Yiuf hits you with a +4 quarterstaff of chaos.
* * * LOW HITPOINT WARNING * * *
You are lethally poisoned!
* * * LOW HITPOINT WARNING * * *
You feel sick.
Really read the scroll of poison?
Okay, then.
Okay, then.
It was a potion of cancellation.
You feel magically purged.
* * * LOW HITPOINT WARNING * * *
You feel sick. Crazy Yiuf barely misses you.
You feel yourself speed up.
* * * LOW HITPOINT WARNING * * *
You feel sick.
Crazy Yiuf hits you with a +4 quarterstaff of chaos.
You are more poisoned.
Really quaff the potion of lignification? [Y]es or [N]o only, please.
Really quaff the potion of lignification? [Y]es or [N]o only, please.
Really quaff the potion of lignification?
You turn into a tree.
Your +0 cloak melds into your body.
Your +0 pair of boots melds into your body.
Your +2 robe of positive energy melds into your body.
You feel less protected from negative energy.
Your roots penetrate the ground.
You die...

# # # ###** ♣♣####
# #)..#♣♣ ♣♣.#..##
#
#...'.♣♣♣♣......#
#
#...#♣..♣.......#
#
###**♣♣♣.♣..#...#
# ♣♣♣♣♣##g## # #♣#
##############.#
#.....<.....##.###
#..###########...#
*,,,,,,,,,,,*#.#.#
**,********,*#.#.#
*,* *,*..#.# *,*
*,#.##.#
*,********,#.*#.#


You could see Crazy Yiuf (poisoned).

Vanquished Creatures
  Pikel (D:3)
  A jelly (D:4)
  Jessica (D:3)
  Terence (D:1)
  2 iguanas
  An orc wizard (D:3)
  4 adders
  6 orcs
  5 bats
  7 endoplasms
  3 giant cockroaches
  4 hobgoblins (D:1)
  4 kobolds
  2 quokkas
  5 ball pythons
  A frilled lizard (D:2)
  6 goblins
  5 rats (D:1)
59 creatures vanquished.

Vanquished Creatures (others)
  8 fungi (D:4)
  3 toadstools (D:4)
11 creatures vanquished.

Grand Total: 70 creatures vanquished

Notes
Turn   | Place    | Note
-------+----------+-------------------------------------------
     0 | D:1      | todotom the Demigod Air Elementalist began the quest for
                  | the Orb.
     0 | D:1      | Reached XP level 1. HP: 14/14 MP: 5/5
   884 | D:1      | Reached XP level 2. HP: 19/20 MP: 0/7
   988 | D:1      | Reached skill level 1 in Conjurations
  1884 | D:2      | Reached XP level 3. HP: 26/26 MP: 7/9
  2109 | D:2      | Noticed Terence
  2138 | D:1      | Killed Terence
  2336 | D:3      | Learned a level 2 spell: Poisonous Vapours
  2641 | D:3      | Reached XP level 4. HP: 33/33 MP: 6/10
  3008 | D:3      | Noticed Jessica
  3020 | D:3      | Killed Jessica
  3455 | D:4      | Noticed a sky beast
  3746 | D:3      | Reached XP level 5. HP: 38/38 MP: 2/12
  4035 | D:4      | Noticed Pikel
  4069 | D:3      | Killed Pikel
  4070 | D:3      | Reached XP level 6. HP: 22/46 MP: 1/15
  4070 | D:3      | Reached XP level 7. HP: 24/51 MP: 1/16
  4461 | D:4      | Found a large runed translucent door.
  4462 | D:4      | Found a large runed translucent door.
  4768 | D:4      | Found a staircase to the Ecumenical Temple.
  4777 | Temple   | Entered the Ecumenical Temple
  4976 | D:4      | Found a runed translucent door.
  4977 | D:4      | Noticed Crazy Yiuf
  5013 | D:4      | HP: 2/51 [poisoned by Crazy Yiuf]
  5015 | D:4      | Succumbed to Crazy Yiuf's poison

Illustrated notes

Levels and vault maps discovered:
D:1:      saegor_arrival_simple_b, layout_basic,
          chequers_ecumenical_altar_simple_redux
D:2:      layout_loops_ring, uniq_terence
D:3:      layout_rooms, st_stairs_4, minmay_misc_feat_iff, minmay_crystal_room,
          kennysheep_jessica_study
D:4:      layout_basic, jmf_multi_god_temple2, minmay_temple_entry_metal_lava,
          minmay_gold_behind_fungi, uniq_crazy_yiuf_cottage, uniq_pikel
Temple:   nicolae_temple_no_exploring_needed

Skill      XL: |  1  2  3  4  5 |
---------------+----------------+-----
Dodging        | 2 |  2.7
Spellcasting   | 2 3 4 |  4.2
Conjurations   | 1 |  1.9
Air Magic      | 3 4 |  4.8
Stealth        | 2 |  2.1
Poison Magic   | 2 |  2.3
Fighting       | |  0.7
Short Blades   | |  0.7
Evocations     | |  0.6

Action                   |  1- 3 |  4- 6 |  7- 9 || total
-------------------------+-------+-------+-------++-------
Melee: Dagger            |     9 |       |       ||     9
       Unarmed           |     1 |       |       ||     1
       Short sword       |     4 |     2 |       ||     6
       Whip              |       |       |     1 ||     1
 Cast: Shock             |    91 |    20 |     8 ||   119
       Poisonous Vapours |     5 |    29 |     7 ||    41
Evoke: Wand              |     2 |     3 |     3 ||     8
  Use: Potion            |     2 |     2 |     3 ||     7
       Scroll            |     3 |     1 |     6 ||    10
Armor: Robe              |    13 |    15 |     2 ||    30
Dodge: Dodged            |    50 |    15 |     2 ||    67

Table legend: (Time is in decaauts)
 A = Elapsed time spent in this place.
 B = Non-inter-level travel time spent in this place.
 C = Inter-level travel time spent in this place.
 D = Time resting spent in this place.
 E = Time spent auto-exploring this place.
 F = Levels seen in this place.
 G = Mean time per level.
                   A        B        C        D        E       F      G
               +--------+--------+--------+--------+--------+-----+--------+
         Total |   4986 |   4701 |    285 |   1791 |   2193 |   5 |  997.2 |
       Dungeon |   4966 |   4698 |    268 |   1791 |   2193 |   4 | 1241.5 |
        Temple |     19 |      2 |     17 |      0 |      0 |   1 |   19.0 |
               +--------+--------+--------+--------+--------+-----+--------+

Top non-repeatable levels by time:
     D:1: 1917 daAuts
     D:3: 1789 daAuts
     D:4: 737 daAuts
     D:2: 522 daAuts
  Temple: 19 daAuts
